NYP
VERMONT LAKE MONSTERS @ CONNECTICUT TIGERS
07/14/2047
 
TOP OF THE 1ST
Vermont Lake Monsters batting - Pitching for Connecticut Tigers : RHP Luke Totzke
Pitching: RHP Luke Totzke
Batting: RHB Micah Roth 0-0: Ground out U3 (Groundball, 34, EV 105.0 MPH)
Batting: LHB Miguel Maymi 0-0: Ball
1-0: Ball
2-0: Swinging Strike
2-1: Ball
3-1: SINGLE (Line Drive, 9S, EV 88.1 MPH)
Batting: LHB Fred Arends 0-0: Ball
1-0: Swinging Strike
1-1: DOUBLE (Line Drive, 9LM, EV 111.9 MPH)
Miguel Maymi to third
Runner from 3rd tries for Home, SAFE, throw by RF to home
Batting: RHB David Herrera 0-0: Foul Ball, location: 2F
0-1: Ball
1-1: Foul Ball, location: 2F
1-2: Ball
2-2: Ball
3-2: Foul Ball, location: 2F
3-2: Strikes out looking
Batting: LHB Felipe Gomez 0-0: Called Strike
0-1: Foul Ball, location: 2F
0-2: Strikes out swinging
Top of the 1st over - 1 run, 2 hits, 0 errors, 1 left on base; Vermont 1 - Connecticut 0
BOTTOM OF THE 1ST
Connecticut Tigers batting - Pitching for Vermont Lake Monsters : RHP Victor Sanchez
Pitching: RHP Victor Sanchez
Batting: RHB Jaden Warrior 0-0: Ball
1-0: SINGLE (Line Drive, 56D, EV 96.9 MPH)
Batting: RHB Janne Vihko 0-0: Ball
1-0: Fly out, F4 (Line Drive, 34, EV 67.5 MPH)
Batting: LHB Nick Swank 0-0: Called Strike
0-1: Foul Ball, location: 2F
0-2: Ball
1-2: Foul Ball, location: 2F
1-2: Strikes out swinging
Batting: LHB Antonio Luis 0-0: Ball
1-0: Hit by Pitch
Jaden Warrior to second
Batting: RHB Zack DiCicco 0-0: Called Strike
0-1: Swinging Strike
0-2: Strikes out swinging
Bottom of the 1st over - 0 runs, 1 hit, 0 errors, 2 left on base; Vermont 1 - Connecticut 0
TOP OF THE 2ND
Vermont Lake Monsters batting - Pitching for Connecticut Tigers : RHP Luke Totzke
Batting: LHB Ed Talamantes 0-0: Ball
1-0: Ball
2-0: Ball
3-0: Called Strike
3-1: Base on Balls
Batting: RHB Chris Temple 0-0: Ball
Ed Talamantes is caught stealing 2nd base 2-4
1-0: Ground out 6-3 (Groundball, 6MS, EV 90.0 MPH)
Batting: RHB Tim Anderson 0-0: Called Strike
0-1: Ground out 6-3 (Groundball, 6, EV 81.2 MPH)
Top of the 2nd over - 0 runs, 0 hits, 0 errors, 0 left on base; Vermont 1 - Connecticut 0
BOTTOM OF THE 2ND
Connecticut Tigers batting - Pitching for Vermont Lake Monsters : RHP Victor Sanchez
Batting: LHB J.D. Onorati 0-0: Swinging Strike
0-1: Ball
1-1: Foul Ball, location: 2F
1-2: DOUBLE (Line Drive, 78M, EV 90.6 MPH)
Batting: SHB Ian Arlotta 0-0: Called Strike
0-1: Called Strike
0-2: DOUBLE (Groundball, 3L, EV 106.2 MPH)
J.D. Onorati scores
Batting: RHB Kaleb Yerger 0-0: Foul Ball, location: 2F
0-1: Foul Ball, location: 2F
0-2: Foul Ball, location: 2F
0-2: Ball
1-2: Foul Ball, location: 2F
1-2: Strikes out swinging
Batting: LHB Zach Rose 0-0: Foul Ball, location: 2F
0-1: Ball
1-1: Swinging Strike
1-2: Ball
2-2: Foul Ball, location: 2F
2-2: Ground out U3 (Groundball, 3, EV 88.8 MPH)
Ian Arlotta to third
Batting: RHB Jaden Warrior 0-0: Swinging Strike
0-1: Ball
1-1: Ball
2-1: DOUBLE (Line Drive, 89M, EV 92.5 MPH)
Ian Arlotta scores
Batting: RHB Janne Vihko 0-0: Called Strike
0-1: Ground out 6-3 (Groundball, 6MS, EV 90.6 MPH)
Bottom of the 2nd over - 2 runs, 3 hits, 0 errors, 1 left on base; Vermont 1 - Connecticut 2
TOP OF THE 3RD
Vermont Lake Monsters batting - Pitching for Connecticut Tigers : RHP Luke Totzke
Batting: RHB Ricky Trejo 0-0: TRIPLE (Flyball, 8LXD, EV 96.9 MPH)
Batting: RHB Micah Roth 0-0: Foul Ball, location: 2F
0-1: Ball
1-1: Fly out, F4 (Popup, 4, EV 59.4 MPH)
Batting: LHB Miguel Maymi 0-0: Called Strike
0-1: Swinging Strike
0-2: Foul Ball, location: 2F
0-2: Fly out, F8 (Line Drive, 8RD, EV 91.2 MPH)
Runner from 3rd tags up, SCORES, no throw by CF
Batting: LHB Fred Arends 0-0: Ball
1-0: Swinging Strike
1-1: Foul Ball, location: 2F
1-2: Ball
2-2: Ball
3-2: Base on Balls
Batting: RHB David Herrera 0-0: Ball
Pickoff Throw to First - Out! 1-3 CS
Top of the 3rd over - 1 run, 1 hit, 0 errors, 0 left on base; Vermont 2 - Connecticut 2
BOTTOM OF THE 3RD
Connecticut Tigers batting - Pitching for Vermont Lake Monsters : RHP Victor Sanchez
Batting: LHB Nick Swank 0-0: Ground out U3 (Groundball, 34S, EV 72.5 MPH)
Batting: LHB Antonio Luis 0-0: Foul Ball, location: 2F
0-1: Ball
1-1: Ball
2-1: Swinging Strike
2-2: Ball
3-2: SINGLE (Groundball, 34D, EV 96.2 MPH)
Batting: RHB Zack DiCicco 0-0: Ball
1-0: Swinging Strike
1-1: Ball
2-1: Called Strike
2-2: Strikes out swinging
Batting: LHB J.D. Onorati 0-0: Called Strike
0-1: Ball
1-1: Swinging Strike
1-2: SINGLE (Line Drive, 34, EV 99.4 MPH)
Antonio Luis to second
Runner from 2nd tries for 3rd, OUT! 9-5
Bottom of the 3rd over - 0 runs, 2 hits, 0 errors, 1 left on base; Vermont 2 - Connecticut 2
TOP OF THE 4TH
Vermont Lake Monsters batting - Pitching for Connecticut Tigers : RHP Luke Totzke
Batting: RHB David Herrera 0-0: Foul Ball, location: 2F
0-1: Ground out 6-3 (Groundball, 6, EV 86.9 MPH)
Batting: LHB Felipe Gomez 0-0: Foul Ball, location: 2F
0-1: Swinging Strike
0-2: Foul Ball, location: 2F
0-2: Foul Ball, location: 2F
0-2: Ball
1-2: Ball
2-2: Strikes out swinging
Batting: LHB Ed Talamantes 0-0: Called Strike
0-1: Ball
1-1: Called Strike
1-2: Ball
2-2: Foul Ball, location: 2F
2-2: Ground out 4-3 (Groundball, 34, EV 100.6 MPH)
Top of the 4th over - 0 runs, 0 hits, 0 errors, 0 left on base; Vermont 2 - Connecticut 2
BOTTOM OF THE 4TH
Connecticut Tigers batting - Pitching for Vermont Lake Monsters : RHP Victor Sanchez
Batting: SHB Ian Arlotta 0-0: Ball
1-0: Called Strike
1-1: Ball
2-1: Called Strike
2-2: Ball
3-2: Strikes out swinging
Batting: RHB Kaleb Yerger 0-0: Called Strike
0-1: Ball
1-1: Swinging Strike
1-2: SINGLE (Line Drive, 3D, EV 110.0 MPH)
Batting: LHB Zach Rose 0-0: Ball
1-0: Called Strike
1-1: Called Strike
1-2: Foul Ball, location: 2F
1-2: Grounds into double play, 4-6-3 (Groundball, 34, EV 85.0 MPH)
Bottom of the 4th over - 0 runs, 1 hit, 0 errors, 0 left on base; Vermont 2 - Connecticut 2
TOP OF THE 5TH
Vermont Lake Monsters batting - Pitching for Connecticut Tigers : RHP Luke Totzke
Batting: RHB Chris Temple 0-0: Called Strike
0-1: SINGLE (Groundball, 34D, EV 102.5 MPH)
Batting: RHB Tim Anderson 0-0: Ball
1-0: Ball
2-0: Called Strike
2-1: Called Strike
2-2: Ball
3-2: Foul Ball, location: 2F
3-2: Foul Ball, location: 2F
3-2: Foul Ball, location: 2F
3-2: Foul Ball, location: 2F
3-2: Foul Ball, location: 2F
3-2: Fielders Choice at 2nd, 4-6 (Groundball, 34S, EV 91.9 MPH)
Batting: RHB Ricky Trejo 0-0: Called Strike
0-1: Reached on error, E6 (Groundball, 6, EV 107.5 MPH)
Tim Anderson to second
Batting: RHB Micah Roth 0-0: Ball
1-0: Ball
2-0: Foul Ball, location: 2F
2-1: Called Strike
2-2: Ball
3-2: Foul Ball, location: 2F
3-2: Fielders Choice at 2nd, 3-6 (Groundball, 34S, EV 87.5 MPH)
Tim Anderson to third
Batting: LHB Miguel Maymi 0-0: Foul Ball, location: 2F
0-1: Ball
1-1: Fly out, F5 (Popup, 56S, EV 84.4 MPH)
Top of the 5th over - 0 runs, 1 hit, 1 error, 2 left on base; Vermont 2 - Connecticut 2
BOTTOM OF THE 5TH
Connecticut Tigers batting - Pitching for Vermont Lake Monsters : RHP Victor Sanchez
Batting: RHB Jaden Warrior 0-0: Ball
1-0: Ball
2-0: Ball
3-0: Called Strike
3-1: Called Strike
3-2: Base on Balls
Batting: RHB Janne Vihko 0-0: Fielders Choice at 2nd, 5-4 (Groundball, 56, EV 85.6 MPH)
Batting: LHB Nick Swank Balk!
Janne Vihko to second
0-0: Swinging Strike
0-1: Foul Ball, location: 2F
0-2: Foul Ball, location: 2F
0-2: Ball
1-2: Ground out 6-3 (Groundball, 6, EV 83.8 MPH)
Janne Vihko to third
Pitching: RHP Frank Gamez
Batting: LHB Antonio Luis 0-0: DOUBLE (Line Drive, 3D, EV 97.5 MPH)
Janne Vihko scores
Batting: RHB Zack DiCicco 0-0: Foul Ball, location: 2F
0-1: Foul Ball, location: 2F
0-2: Strikes out swinging
Bottom of the 5th over - 1 run, 1 hit, 0 errors, 1 left on base; Vermont 2 - Connecticut 3
TOP OF THE 6TH
Vermont Lake Monsters batting - Pitching for Connecticut Tigers : RHP Luke Totzke
Batting: LHB Fred Arends 0-0: Ball
1-0: Fly out, F9 (Flyball, 89M, EV 93.1 MPH)
Batting: RHB David Herrera 0-0: Ball
1-0: Called Strike
1-1: Ground out 4-3 (Groundball, 4, EV 79.4 MPH)
Batting: LHB Felipe Gomez 0-0: Ball
1-0: SOLO HOME RUN (Line Drive, 9D, EV 113.8 MPH), Distance : 436 ft
Batting: LHB Ed Talamantes 0-0: Ball
1-0: Called Strike
1-1: Ball
2-1: Called Strike
2-2: Ball
3-2: Base on Balls
Batting: RHB Chris Temple 0-0: Swinging Strike
0-1: Foul Ball, location: 2F
0-2: Strikes out looking
Top of the 6th over - 1 run, 1 hit, 0 errors, 1 left on base; Vermont 3 - Connecticut 3
BOTTOM OF THE 6TH
Connecticut Tigers batting - Pitching for Vermont Lake Monsters : RHP Frank Gamez
Batting: LHB J.D. Onorati 0-0: Swinging Strike
0-1: Ball
1-1: Ball
2-1: Foul Ball, location: 2F
2-2: Ball
3-2: Strikes out swinging
Batting: SHB Ian Arlotta 0-0: Foul Ball, location: 2F
0-1: Called Strike
0-2: Ball
1-2: Strikes out swinging
Batting: RHB Kaleb Yerger 0-0: Called Strike
0-1: Fly out, F9 (Flyball, 9S, EV 86.9 MPH)
Bottom of the 6th over - 0 runs, 0 hits, 0 errors, 0 left on base; Vermont 3 - Connecticut 3
TOP OF THE 7TH
Vermont Lake Monsters batting - Pitching for Connecticut Tigers : RHP Luke Totzke
Batting: RHB Tim Anderson 0-0: Ball
1-0: Ball
2-0: Called Strike
2-1: Ball
3-1: Base on Balls
Pitching: LHP Chris Woodruff
Batting: RHB Ricky Trejo 0-0: Ball
1-0: Bunted foul
1-1: Bunt missed!
1-2: Foul Ball, location: 2F
1-2: Strikes out swinging
Batting: RHB Micah Roth 0-0: Ball
1-0: Foul Ball, location: 2F
1-1: Ball
2-1: Ground out 5-3 (Groundball, 56, EV 100.0 MPH)
Tim Anderson to second
Pinch Hitting: LHB Alejandro Muniz 0-0: Ball
1-0: DOUBLE (Line Drive, 7LM, EV 101.9 MPH)
Tim Anderson scores
Batting: LHB Fred Arends 0-0: Ball
1-0: Called Strike
1-1: Called Strike
1-2: Ball
2-2: Foul Ball, location: 2F
2-2: Strikes out swinging
Top of the 7th over - 1 run, 1 hit, 0 errors, 1 left on base; Vermont 4 - Connecticut 3
BOTTOM OF THE 7TH
Connecticut Tigers batting - Pitching for Vermont Lake Monsters : RHP Frank Gamez
Now at 2B: Tim Anderson
Now at SS: Larry Clark
Batting: LHB Zach Rose 0-0: Called Strike
0-1: Foul Ball, location: 2F
0-2: Reached on error, E6 (Groundball, 6, EV 98.8 MPH)
Batting: RHB Jaden Warrior 0-0: Ball
1-0: Ball
2-0: Ball
3-0: Base on Balls
Zach Rose to second
Batting: RHB Janne Vihko 0-0: SINGLE (Groundball, 5L, EV 105.0 MPH)
Zach Rose to third
Jaden Warrior to second
Batting: LHB Nick Swank 0-0: Called Strike
0-1: Ball
1-1: Called Strike
1-2: Strikes out looking
Batting: LHB Antonio Luis 0-0: Called Strike
0-1: Ball
1-1: Ball
2-1: Foul Ball, location: 2F
2-2: Ball
3-2: Strikes out looking
Batting: RHB Zack DiCicco 0-0: Ball
1-0: Foul Ball, location: 2F
1-1: Foul Ball, location: 2F
1-2: Foul Ball, location: 2F
1-2: Ball
2-2: Ball
3-2: Foul Ball, location: 2F
3-2: Base on Balls
Zach Rose scores
Jaden Warrior to third
Janne Vihko to second
Pitching: LHP Steve Lima
Pinch Hitting: RHB Khalil Coleman 0-0: Ball
1-0: Ball
2-0: Ball
3-0: Base on Balls
Jaden Warrior scores
Janne Vihko to third
Zack DiCicco to second
Batting: SHB Ian Arlotta 0-0: Ball
1-0: Ball
2-0: Ball
3-0: Base on Balls
Janne Vihko scores
Zack DiCicco to third
Khalil Coleman to second
Batting: RHB Kaleb Yerger 0-0: Ball
Passed Ball!
Zack DiCicco scores
Khalil Coleman to third
Ian Arlotta to second
1-0: Ball
2-0: Called Strike
2-1: Swinging Strike
2-2: Foul Ball, location: 2F
2-2: Strikes out swinging
Bottom of the 7th over - 4 runs, 1 hit, 1 error, 2 left on base; Vermont 4 - Connecticut 7
TOP OF THE 8TH
Vermont Lake Monsters batting - Pitching for Connecticut Tigers : LHP Chris Woodruff
Pitching: LHP Victor Villarreal
Now at 1B: Eisse Wijnja
Batting: RHB David Herrera 0-0: Foul Ball, location: 2F
0-1: Ball
1-1: Ground out 6-3 (Groundball, 6, EV 92.5 MPH)
Pinch Hitting: RHB Walt Alaniz 0-0: Ground out 6-3 (Groundball, 56D, EV 101.9 MPH)
Batting: LHB Ed Talamantes 0-0: Called Strike
0-1: Foul Ball, location: 2F
0-2: Strikes out swinging, 2-3 out at first.
Top of the 8th over - 0 runs, 0 hits, 0 errors, 0 left on base; Vermont 4 - Connecticut 7
BOTTOM OF THE 8TH
Connecticut Tigers batting - Pitching for Vermont Lake Monsters : LHP Steve Lima
Now in LF: Walt Alaniz
Now in CF: Micah Roth
Batting: LHB Zach Rose 0-0: Swinging Strike
0-1: Ground out U3 (Groundball, 34S, EV 81.2 MPH)
Batting: RHB Jaden Warrior 0-0: Ball
1-0: Foul Ball, location: 2F
1-1: Foul Ball, location: 2F
1-2: Strikes out looking
Batting: RHB Janne Vihko 0-0: Called Strike
0-1: Called Strike
0-2: SINGLE (Groundball, 56S, EV 71.2 MPH) (infield hit)
Batting: LHB Nick Swank 0-0: Ball
1-0: Called Strike
1-1: Foul Ball, location: 2F
1-2: Foul Ball, location: 2F
1-2: Ball
2-2: TRIPLE (Line Drive, 8RXD, EV 103.8 MPH)
Janne Vihko scores
Batting: LHB Antonio Luis 0-0: Swinging Strike
0-1: Called Strike
0-2: Ball
1-2: Ground out 4-3 (Groundball, 34D, EV 103.1 MPH)
Bottom of the 8th over - 1 run, 2 hits, 0 errors, 1 left on base; Vermont 4 - Connecticut 8
TOP OF THE 9TH
Vermont Lake Monsters batting - Pitching for Connecticut Tigers : LHP Victor Villarreal
Batting: RHB Chris Temple 0-0: Ball
1-0: Ball
2-0: SINGLE (Groundball, 6MD, EV 99.4 MPH)
Batting: RHB Tim Anderson 0-0: Ball
1-0: DOUBLE (Groundball, 5L, EV 103.8 MPH)
Chris Temple to third
Batting: RHB Ricky Trejo 0-0: Called Strike
0-1: Ground out U3 (Groundball, 13, EV 88.1 MPH)
Chris Temple scores
Tim Anderson to third
Batting: RHB Micah Roth 0-0: Ball
1-0: Ground out U3 (Groundball, 34, EV 102.5 MPH)
Tim Anderson scores
Batting: RHB Larry Clark 0-0: Ball
1-0: Ground out 6-3 (Groundball, 6, EV 90.6 MPH)
Top of the 9th over - 2 runs, 2 hits, 0 errors, 0 left on base; Vermont 6 - Connecticut 8
Thursday, December 15th , 2022 - OOTP Baseball 23.9 Build 102